 Dungeon Crawl Stone Soup version 0.31-a0-232-gb1c03b2570 (webtiles) character file.

Game seed: 14496828590624013340

107 qw the Shooter (level 4, 0/26 HPs)
             Began as a Gargoyle Hexslinger on July 7, 2023.
             Slain by an orc
             ... wielding a +0 short sword
              (1 damage)
             ... on level 3 of the Dungeon.
             The game lasted 00:00:58 (2193 turns).

qw the Shooter (Gargoyle Hexslinger)                Turns: 2193, Time: 00:00:58

Health: 0/26       AC:  7    Str: 12    XL:     4   Next: 85%
Magic:  5/5        EV: 11    Int: 13    God:
Gold:   116        SH:  0    Dex: 14    Spells: 4/5 levels left

rFire   . . .        Y - +1 sling
rCold   . . .        (no shield)
rNeg    + . .        j - +0 leather armour
rPois   inf          (no helmet)
rElec   +            (no cloak)
rCorr   .            m - +0 pair of gloves
SInv    .            (no boots)
Will    .....        l - amulet of regeneration
Stlth   +            (no ring)
HPRegen 1.04/turn    (no ring)
MPRegen 0.09/turn

%: no passive effects
@: no status effects
A: sickness immunity, AC +3, negative energy resistance 1, electricity
resistance, torment resistance 1, petrification resistance
a: no special abilities


You were on level 3 of the Dungeon.
You visited 1 branch of the dungeon, and saw 3 of its levels.

You collected 116 gold pieces.


Innate Abilities, Weirdness & Mutations

You are immune to sickness and miasma.
Your stone body is resilient. (AC +3)
You are immune to poison.
You resist negative energy. (rN+)
You are resistant to electric shocks. (rElec)
You are resistant to unholy torment.
You are immune to petrification.


   Skills:
 - Level 2.0 Fighting
 + Level 4.6 Ranged Weapons
 - Level 1.5 Dodging
 - Level 1.0 Spellcasting
 - Level 2.6 Hexes


You had 4 spell levels left.
You knew the following spells:

 Your Spells              Type           Power      Damage    Failure   Level
a - Slow                  Hex            28%        N/A       12%         1

Your spell library contained the following spells:

 Spells                   Type           Power      Damage    Failure   Level
 Inner Flame              Hex/Fire       4%         N/A       52%         3
 Portal Projectile        Hex/Tloc       8%         N/A       52%         3
 Cause Fear               Hex            3%         N/A       75%         4

Inventory:

Hand Weapons
 Y - a +1 sling (weapon)
Armour
 j - a +0 leather armour (worn)
 m - a +0 pair of gloves (worn)
Jewellery
 l - an amulet of regeneration (around neck)
Scrolls
 i - a scroll of identify
Potions
 c - a potion of enlightenment
 d - a potion of mutation
 e - a potion of heal wounds
 f - a potion of haste
 n - a potion of ambrosia {unknown}

Dungeon Overview and Level Annotations

Branches:
Dungeon (3/15)

Altars:

Annotations:
D:3 1 runed translucent door, Crazy Yiuf


Message History

You shoot a sling bullet. The sling bullet hits the orc wizard.
The orc wizard is heavily wounded.
The orc barely misses you. The orc hits you with a +0 dagger.
The orc wizard hits you but does no damage.
You shoot a sling bullet. The sling bullet hits the orc wizard.
The orc wizard is severely wounded.
The orc hits you but does no damage. x2
The orc wizard hits you but does no damage.
You shoot a sling bullet.
The sling bullet hits the orc wizard but does no damage.
The orc wizard is severely wounded.
The orc wizard hits you but does no damage.
The orc hits you with a +0 short sword. The orc completely misses you.
The orc barely misses you. The orc hits you with a +0 short sword.
The orc closely misses you.
The orc wizard hits you with a +0 dagger.
You shoot a sling bullet.
The sling bullet closely misses the orc wizard.
The orc wizard completely misses you. The orc hits you with a +0 short sword.
The orc hits you but does no damage. The orc closely misses you.
You shoot a sling bullet.
The sling bullet closely misses the orc wizard.
The orc barely misses you.
The orc wizard gestures wildly while chanting.
The orc wizard flickers and vanishes!
Deactivating autopickup; reactivate with Ctrl-A.
The orc hits you but does no damage. The orc closely misses you.
You shoot a sling bullet.
The sling bullet closely misses the orc.
The orc hits you with a +0 short sword. The orc closely misses you.
The orc hits you but does no damage.
You hear some strange, mumbled words.
Something tries to affect you, but you resist.
You shoot a sling bullet.
The sling bullet hits the orc but does no damage.
The orc is severely wounded.
The orc hits you with a +0 club. Something hits you but does no damage.
The orc barely misses you. The orc hits you with a +0 dagger.
The orc closely misses you. The orc hits you with a +0 short sword.
You die...

######.##.....#.####.#...
#..)...##.....#......#...
#......##.....######.#...
#......#<...>.....##.#...
#......#......###....#...
#<.....#.####.# ###..#...
#.....##.####.# #......
#.....##......# ##.[...
########@o....######.....
..[...oo{...............
..........#########.##..
.............oo...#.##..
..........####....# #..
..........# ...#
..........# #...
..........# .. ..........
.


You could see 3 orcs.

Vanquished Creatures
  5 adders (D:2)
  2 dart slugs (D:2)
  An orc (D:3)
  5 endoplasms
  4 giant cockroaches (D:2)
  5 goblins
  5 hobgoblins
  5 jackals
  4 kobolds
  4 quokkas
  2 ball pythons (D:2)
  7 bats
  A frilled lizard (D:1)
  2 rats (D:1)
52 creatures vanquished.

Notes
Turn   | Place    | Note
-------+----------+-------------------------------------------
     0 | D:1      | qw the Gargoyle Hexslinger began the quest for the Orb.
     0 | D:1      | Reached XP level 1. HP: 12/12 MP: 2/2
     0 | D:1      | 0 ||| qw: Version: 0.3-a-46-gb1f654a
     0 | D:1      | 0 ||| qw: Game counter: 2554
     0 | D:1      | 0 ||| qw: Melee chars always use a shield: true
     0 | D:1      | 0 ||| qw: God list: Okawaru
     0 | D:1      | 0 ||| qw: Allow faded altars: false
     0 | D:1      | 0 ||| qw: Do Orc after clearing Dungeon:15 true
     0 | D:1      | 0 ||| qw: Do second Lair branch before Depths: true
     0 | D:1      | 0 ||| qw: Lair rune preference: random
     0 | D:1      | 0 ||| qw: Goals: Normal
     0 | D:1      | 0 ||| PLANNING D:1-11
    14 | D:1      | You fall into a shaft and drop 1 floor!
    71 | D:2      | 71 ||| FLEEEEING.
    71 | D:2      | Identified the +2 chain mail of the Zebra {-Tele Will-
                  | Int+9 SInv}
    72 | D:2      | 72 ||| FLEEEEING.
    73 | D:2      | 73 ||| STAIRDANCE
    76 | D:1      | Reached XP level 2. HP: 16/16 MP: 3/3
   302 | D:1      | Reached skill level 3 in Ranged Weapons
   321 | D:1      | HP: 2/16 [quokka (3)]
   326 | D:1      | HP: 1/16 [quokka (2)]
   559 | D:1      | Reached XP level 3. HP: 20/21 MP: 4/4
   879 | D:1      | 879 ||| UPGRADING to +0 leather armour.
   889 | D:1      | 889 ||| DROPPING +0 robe.
   890 | D:1      | 890 ||| UPGRADING to +0 pair of gloves.
   895 | D:1      | 895 ||| UPGRADING to amulet of regeneration.
   900 | D:1      | 900 ||| READING scroll labelled HEIDAEW QAEH.
   901 | D:1      | 901 ||| READING scroll labelled ZOIMUQ UFIFA.
   902 | D:1      | 902 ||| READING 2 scrolls labelled NAH DAN YBRESU.
   903 | D:1      | 903 ||| READING scroll labelled CAAXEO NESM.
  1004 | D:1      | 1004 ||| DRINKING 2 sapphire potions.
  1005 | D:1      | 1005 ||| DRINKING 2 red potions.
  1006 | D:1      | 1006 ||| DROPPING scroll of poison.
  1007 | D:1      | 1007 ||| DROPPING potion of brilliance.
  1211 | D:2      | Reached XP level 4. HP: 26/26 MP: 5/5
  1298 | D:2      | Reached skill level 4 in Ranged Weapons
  1902 | D:2      | 1902 ||| READING scroll labelled CAXIPU MAPICVE.
  1903 | D:2      | 1903 ||| READING scroll labelled KUXIRCHIYLY.
  1908 | D:2      | 1908 ||| DRINKING 2 smoky clear potions.
  1909 | D:2      | 1909 ||| DRINKING 2 bubbling purple potions.
  1910 | D:2      | 1910 ||| READING 3 scrolls of identify.
  1910 | D:2      | 1910 ||| IDENTIFYING brown potion
  1911 | D:2      | 1911 ||| READING 2 scrolls of identify.
  1911 | D:2      | 1911 ||| IDENTIFYING bubbling ruby potion
  1912 | D:2      | 1912 ||| DROPPING potion of attraction.
  2042 | D:3      | Found a runed translucent door.
  2043 | D:3      | Noticed Crazy Yiuf
  2168 | D:3      | 2168 ||| FLEEEEING.
  2180 | D:3      | 2180 ||| FLEEEEING.
  2181 | D:3      | 2181 ||| FLEEEEING.
  2182 | D:3      | 2182 ||| FLEEEEING.
  2183 | D:3      | 2183 ||| FLEEEEING.
  2193 | D:3      | HP: 4/26 [orc/+0 club (5)]
  2193 | D:3      | HP: 1/26 [orc/+0 dagger (3)]
  2193 | D:3      | Slain by an orc

Levels and vault maps discovered:
D:1:      erik_arrival_cave_to_civilisation [erik_arrival_cave_to_hall],
          layout_loops_ring, minmay_tripent
D:2:      layout_basic, minmay_fractal_squares_5
D:3:      layout_basic, kennysheep_okawaru_gauntlet,
          nicolae_ecumenical_snake_handling, guppyfry_early_orc_mine,
          uniq_crazy_yiuf_cottage, uniq_natasha

Skill      XL: |  1  2  3  4 |
---------------+-------------+-----
Ranged Weapons | 3 4 |  4.6
Fighting       | 2 |  2.0
Dodging        | |  1.5
Spellcasting   | |  1.0
Hexes          | |  2.6

Action                     |  1- 3 |  4- 6 || total
---------------------------+-------+-------++-------
   Fire: Sling             |   137 |   111 ||   248
    Use: Scroll            |     4 |     4 ||     8
         Potion            |     2 |     2 ||     4
 Armour: Robe              |    13 |       ||    13
         Leather armour    |    21 |    50 ||    71
  Dodge: Dodged            |    78 |    52 ||   130

Table legend:
 A = Non-vault XP
 B = Vault XP
 C = Vault XP percentage of total XP
 D = Non-vault monster count
 E = Vault monster count
 F = Vault count percentage of total count
                 A         B        C        D         E       F
            +---------+---------+-------+---------+---------+-------
      Total |     132 |      21 |  13.7 |      43 |       9 |  17.3
            +---------+---------+-------+---------+---------+-------
        D:1 |      23 |       7 |  23.3 |      14 |       4 |  22.2
        D:2 |      95 |      14 |  12.8 |      22 |       5 |  18.5
        D:3 |      14 |       0 |   0.0 |       7 |       0 |   0.0
            +---------+---------+-------+---------+---------+-------
